 Dungeon Crawl Stone Soup version 0.29.1-13-g9f3cf754e1 (webtiles) character file.

Game seed: 2263487025379098250

126 MacCMillion the Insei (level 5, -2/35 HPs)
             Began as an Octopode Transmuter on Feb 3, 2023.
             Was an Initiate of Gozag.
             Slain by a hobgoblin (4 damage)
             ... on level 3 of the Dungeon.
             The game lasted 00:09:35 (2899 turns).

MacCMillion the Insei (Octopode Transmuter)         Turns: 2899, Time: 00:09:36

Health: -2/35      AC:  1    Str:  9    XL:     5   Next: 10%
Magic:  8/8        EV: 17    Int: 18    God:    Gozag
Gold:   274        SH:  0    Dex: 18    Spells: 7/8 levels left

rFire   . . .      SeeInvis .     - Unarmed
rCold   . . .      Faith    .   (no shield)
rNeg    . . .      Spirit   .   (helmet currently unavailable)
rPois   .          Reflect  .   (no amulet)
rElec   .          Harm     .   b - +4 ring of evasion
rCorr   .          Rampage  .   m - +6 ring of dexterity
Will    .....                   (no ring)
Stlth   +++.......              (no ring)
HPRegen 0.11/turn               (no ring)
MPRegen 0.11/turn               (no ring)
                                (no ring)
                                (no ring)

@: appendages (expiring), gold aura
A: tentacle spike 3, almost no armour, amphibious, 8 rings, camouflage 1,
gelatinous body 1, (nimble swimmer 1), tentacles
a: End Transformation, Renounce Religion, Potion Petition, Call Merchant, Bribe
Branch


You were on level 3 of the Dungeon.
You worshipped Gozag.
Gozag was aware of your devotion.
One of your tentacles had grown a beastly spike.
You visited 1 branch of the dungeon, and saw 3 of its levels.

You collected 303 gold pieces.
You paid 29 gold pieces to Gozag.

Inventory:

Jewellery
 b - a +4 ring of evasion (left tentacle)
 m - a +6 ring of dexterity (right tentacle)
Scrolls
 c - 4 scrolls of identify {unknown}
 e - a scroll of amnesia {unknown}
 k - a scroll of butterflies {unknown}
 l - a scroll of enchant armour {unknown}
 o - a scroll of immolation {unknown}
Potions
 a - a potion of lignification
 d - a potion of flight {unknown}
 f - 4 potions of heal wounds {unknown}
 g - 2 potions of berserk rage {unknown}
 h - 2 potions of mutation {unknown}
 i - a potion of magic {unknown}
 j - a potion of haste {unknown}
 n - a potion of cancellation {unknown}


   Skills:
 + Level 2.7 Fighting
 - Level 2.0 Dodging
 + Level 4.0 Unarmed Combat
 - Level 2.0 Spellcasting
 * Level 3.4 Transmutations


You had 7 spell levels left.
You knew the following spells:

 Your Spells              Type           Power      Damage    Failure   Level
a - Beastly Appendage     Tmut           28%        N/A       4%          1

Your spell library contained the following spells:

 Spells                   Type           Power      Damage    Failure   Level
 Wereblood                Tmut           14%        N/A       7%          2
 Spider Form              Tmut/Pois      7%         N/A       26%         3
 Ice Form                 Ice/Tmut       7%         N/A       65%         4


Dungeon Overview and Level Annotations

Branches:
Dungeon (3/15)

Altars:
Gozag
Kikubaaqudgha


Innate Abilities, Weirdness & Mutations

One of your tentacles has grown a beastly spike.
You cannot wear most types of armour.
You are amphibious.
You can wear up to eight rings at the same time.
Your skin changes colour to match your surroundings (Stealth+).
Your rubbery body absorbs attacks. (AC +1, EV +1)
((You are camouflaged when in or above water. (Stealth+)))
You have tentacles for arms and can constrict up to eight enemies at once.


Message History

You now have 261 gold pieces (gained 9).
You see here a +0 club.
Your tentacle spike disappears.
You now have 264 gold pieces (gained 3).
Found a book of Changes.
h - 2 fuming clear potions (gained 1)
You see here a +0 club.
o - a scroll labelled CEGUDGH HUTHEW You now have 274 gold pieces (gained 10).
You see here a book of Changes.
An orc comes into view. It is wielding a +0 club.
Press: ? - help, v - describe, . - travel The floor.
Casting: Beastly Appendage (safe; 4% risk of failure)
Confirm with . or Enter, or press ? or * to list all spells.
One of your tentacles grows a vicious spike.
The orc shouts!
You hear a shout! x4
An orc comes into view. It is wielding a +0 mace.
An orc priest and a hobgoblin come into view.
The orc closely misses you.
You tentacle-slap the orc. You grab the orc.
You pierce the orc.
You kill the orc!
An orc comes into view. It is wielding a +0 whip.
Your Unarmed Combat skill increases to level 4!
An orc priest comes into view. It is wielding a +0 hand axe.
The orc misses you. The orc attacks as you move away!
The orc barely misses you.
Your transformation is almost over.
The orc priest shouts!
You hear an angry hiss.
The orc priest calls down the wrath of Beogh upon you.
Beogh smites you! The orc attacks as you move away! The orc misses you.
The orc priest invokes the aid of Beogh against you.
Beogh smites you!
The orc priest calls down the wrath of Beogh upon you.
Beogh smites you!
* * * LOW HITPOINT WARNING * * *
The hobgoblin hits you.
You die...
Your body crumbles into a pile of gold.

#......##.. #..
...........#..........
#...##..........#.......#..
.#..#..........#.......#..
...#...o........<........
#............#......##..
#....oo.....[...........
##$...g....<..)####.###.
##.....o@...#.....##.###.
#..........##.#.....[..#.
#...........#...........>
#...........###........)<
#...........# #.........)
#...........###..........
#.........#..##..........
#.........#..##..........
#............###........#


You could see 2 orc priests, 2 orcs and a hobgoblin.

Vanquished Creatures
  5 adders
  3 worms
  3 dart slugs
  4 orcs (D:3)
  4 ball pythons
  7 endoplasms
  2 giant cockroaches
  6 goblins
  7 hobgoblins
  6 jackals (D:1)
  2 quokkas
  5 bats
  2 kobolds (D:1)
  A rat (D:1)
57 creatures vanquished.

Notes
Turn   | Place    | Note
-------+----------+-------------------------------------------
     0 | D:1      | MacCMillion the Octopode Transmuter began the quest for the
                  | Orb.
     0 | D:1      | Reached XP level 1. HP: 13/13 MP: 3/3
   144 | D:1      | Reached XP level 2. HP: 18/18 MP: 3/5
   717 | D:1      | Reached XP level 3. HP: 24/24 MP: 4/6
  1434 | D:2      | Found an opulent altar of Gozag.
  1448 | D:2      | Became a worshipper of Gozag Ym Sagoz the Greedy
  1562 | D:2      | Reached XP level 4. HP: 29/29 MP: 7/7
  2606 | D:3      | Identified the +1 chain mail of the Crypt {rC+ Will+}
  2625 | D:3      | Found an ancient bone altar of Kikubaaqudgha.
  2645 | D:3      | Reached XP level 5. HP: 35/35 MP: 5/8
  2895 | D:3      | Reached skill level 4 in Unarmed Combat
  2899 | D:3      | Slain by a hobgoblin

Illustrated notes

Levels and vault maps discovered:
D:1:      sevenhm_arrival_forest_fort_small_4, layout_basic
D:2:      layout_basic, basic_altar, minmay_door_square
D:3:      layout_rooms, kiku_gazebo_garden_becter, uniq_natasha

Skill      XL: |  1  2  3  4  5 |
---------------+----------------+-----
Fighting       | 2 |  2.7
Transmutations | 3 |  3.4
Unarmed Combat | 4 |  4.0
Dodging        | |  2.0
Spellcasting   | |  2.0

Action                   |  1- 3 |  4- 6 || total
-------------------------+-------+-------++-------
Melee: Unarmed           |    57 |    54 ||   111
       Kick              |    22 |    23 ||    45
       Tentacles         |    14 |     7 ||    21
       Constrict         |    20 |    15 ||    35
       Punch             |     1 |     1 ||     2
 Cast: Beastly Appendage |    23 |    17 ||    40
 Stab: Sleeping          |     4 |     4 ||     8
Armor: Skin              |     2 |     4 ||     6
Dodge: Dodged            |    31 |    26 ||    57
